 Dungeon Crawl Stone Soup version 0.31-a0-167-g1c394c0614 (webtiles) character file.

Game seed: 4012656073292682864

554 Dittersdorf the Trooper (level 7, -2/44 HPs)
             Began as a Gargoyle Fighter on June 14, 2023.
             Slain by a river rat (4 damage)
             ... summoned by Eustachio
             ... on level 5 of the Dungeon.
             The game lasted 00:05:21 (4043 turns).

Dittersdorf the Trooper (Gargoyle Fighter)          Turns: 4043, Time: 00:05:21

Health: -2/44      AC: 19    Str: 21      XL:     7   Next: 30%
Magic:  7/7        EV:  5    Int:  9      God:
Gold:   79         SH: 16    Dex:  6 (9)  Spells: 6/6 levels left

rFire   + . .        a - +0 flail
rCold   . . .        b - +0 tower shield
rNeg    + . .        e - +0 chain mail
rPois   ∞            r - +0 helmet
rElec   +            (no cloak)
rCorr   +            p - +1 pair of gloves of Monotheism {rF+}
SInv    .            m - +0 pair of boots
Will    .....        n - amulet of reflection Stlth
                     c - ring of resist corrosion
HPRegen 0.27/turn    (no ring)
MPRegen 0.10/turn

%: reflection
@: no status effects
A: sickness immunity, AC +4, negative energy resistance 1, electricity
resistance, torment resistance 1, petrification resistance
a: no special abilities


You were on level 5 of the Dungeon.
You visited 1 branch of the dungeon, and saw 5 of its levels.

You collected 187 gold pieces.
You spent 108 gold pieces at shops.

Inventory:

Hand Weapons
 a - a +0 flail (weapon)
Missiles
 o - 2 poisoned darts (quivered)
Armour
 b - a +0 tower shield (worn)
 e - a +0 chain mail (worn)
 m - a +0 pair of boots (worn)
 p - the +1 pair of gloves of Monotheism (worn) {rF+}
   (You found it on level 3 of the Dungeon)

   rF:        It protects you from fire.
 r - a +0 helmet (worn)
 s - a +0 plate armour
Jewellery
 c - a ring of resist corrosion (left hand)
 n - an amulet of reflection (around neck)
Wands
 l - a wand of paralysis (11)
Scrolls
 f - a scroll of poison {unknown}
 h - a scroll of revelation
 i - a scroll of blinking {unknown}
Potions
 d - 5 potions of might
 g - 2 potions of heal wounds
 j - 2 potions of curing
 k - 3 potions of magic
 q - a potion of cancellation


   Skills:
 + Level 5.3 Fighting
 + Level 4.1 Maces & Flails
 + Level 5.2 Armour
 + Level 5.2 Shields


You had 6 spell levels left.
You didn't know any spells.
Your spell library contained the following spells:

 Spells                   Type           Power      Damage    Failure   Level
 Apportation              Tloc           0%         N/A       100%        1
 Necrotise                Necr           0%         1d4       100%        1
 Summon Small Mammal      Summ           0%         N/A       100%        1
 Vhi's Electric Charge    Tloc/Air       0%         N/A       100%        3
 Arcjolt                  Conj/Air       0%         1d10      100%        5
 Plasma Beam              Fire/Air       0%         2x1d10    100%        6
 Maxwell's Capacitive Co  Air            0%         ∞         100%        8


Dungeon Overview and Level Annotations

Branches:
Dungeon (5/15)
 Temple: D:4-7

Altars:

Shops:
D:4 [

Annotations:
D:5 Eustachio


Innate Abilities, Weirdness & Mutations

You are immune to sickness and miasma.
Your stone body is resilient. (AC +4)
You are immune to poison.
You resist negative energy. (rN+)
You are resistant to electric shocks. (rElec)
You are resistant to unholy torment.
You are immune to petrification.


Message History

Eustachio hits you but does no damage.
The crimson imp hits you but does no damage.
The river rat barely misses you. You block the quasit's attack.
The quasit barely misses you.
The quasit claws you but does no damage.
You block the quokka's attack. The bat barely misses you.
Eustachio barely misses you.
The crimson imp hits you but does no damage.
You closely miss Eustachio.
Eustachio is heavily wounded.
You block the bat's attack.
The quasit bites you but does no damage.
You block the quasit's attack. x2; The river rat barely misses you.
The quokka bites you but does no damage.
Eustachio barely misses you. The bat hits you but does no damage.
The crimson imp hits you but does no damage.
You block the quasit's attack. The quasit completely misses you.
The quasit claws you.
* * * LOW HITPOINT WARNING * * *
You block the river rat's attack. The quokka barely misses you.
You closely miss Eustachio.
Eustachio is heavily wounded.
The bat hits you but does no damage. You block the bat's attack.
The quasit bites you but does no damage.
You block the quasit's attack. x2; You block Eustachio's attack.
The crimson imp blinks!
The quokka bites you.
* * * LOW HITPOINT WARNING * * *
The bat hits you but does no damage. The river rat bites you.
* * * LOW HITPOINT WARNING * * *
The quasit bites you but does no damage.
The quasit claws you but does no damage. x2
Eustachio closely misses you.
The crimson imp blinks!
You hit Eustachio.
Eustachio is heavily wounded.
You block the bat's attack. x2
The quokka bites you but does no damage.
The quasit bites you but does no damage.
The quasit claws you but does no damage.
You block the quasit's attack. The river rat bites you.
You die...

#...... .....
.?... ... ...
#.# #)#
###b#####
#.br@@..#
####..r55..#
#.........5#
#.##.......#
#.########## #.#
..######.#######
................
..#####...######


You could see Eustachio, an iron imp (summoned), a quasit (summoned), a crimson
imp (summoned), a river rat (summoned), a quokka (summoned) and 2 bats.

Vanquished Creatures
  An ice beast (D:5)
  An ogre (D:4)
  A hound (D:5)
  An orc priest (D:3)
  A jelly (D:4)
  Natasha (thrice) (D:2)
  2 orc wizards
  7 adders
  10 orcs
  4 endoplasms
  3 giant cockroaches
  9 goblins
  9 hobgoblins
  16 jackals
  A quokka (D:2)
  4 ball pythons
  5 bats
  3 frilled lizards
  4 kobolds
  4 rats
89 creatures vanquished.

Notes
Turn   | Place    | Note
-------+----------+-------------------------------------------
     0 | D:1      | Dittersdorf the Gargoyle Fighter began the quest for the
                  | Orb.
     0 | D:1      | Reached XP level 1. HP: 14/14 MP: 1/1
   111 | D:1      | Reached XP level 2. HP: 19/19 MP: 2/2
   625 | D:2      | Reached XP level 3. HP: 23/24 MP: 3/3
   703 | D:2      | Noticed Natasha
   716 | D:2      | Killed Natasha
   717 | D:2      | Reached XP level 4. HP: 15/29 MP: 4/4
  1436 | D:2      | Noticed Natasha
  1443 | D:2      | Killed Natasha
  1444 | D:2      | Reached XP level 5. HP: 28/33 MP: 5/5
  1616 | D:2      | Noticed Natasha
  1628 | D:2      | Killed Natasha
  2319 | D:3      | Reached XP level 6. HP: 23/39 MP: 6/6
  2702 | D:3      | Identified the +1 pair of gloves of Monotheism {rF+}
  2999 | D:4      | Found Hucy's Antique Armour Emporium.
  3021 | D:4      | Bought a tower shield for 108 gold pieces
  3648 | D:4      | Reached skill level 5 in Armour
  3648 | D:4      | Reached skill level 5 in Shields
  3658 | D:4      | Reached skill level 5 in Fighting
  3957 | D:5      | Entered Level 5 of the Dungeon
  3977 | D:5      | Noticed an ice beast
  3990 | D:5      | Reached XP level 7. HP: 44/44 MP: 7/7
  3999 | D:5      | Noticed Eustachio
  4042 | D:5      | HP: 2/44 [river rat[Eustachio] (5)]
  4043 | D:5      | Slain by a river rat

Illustrated notes

Levels and vault maps discovered:
D:1:      amcnicky_arrival_underground_garden, layout_basic,
          chequers_serial_rivers_small_b, serial_park_tiny_pond
D:2:      layout_loops_ring, uniq_natasha
D:3:      layout_basic
D:4:      layout_basic, serial_shops, shop
D:5:      layout_basic, gammafunk_temple_overflow_statue,
          mainiacjoe_overflow_catwalk, amcnicky_mini_corridor_feature,
          uniq_eustachio

Skill      XL: |  1  2  3  4  5  6  7 |
---------------+----------------------+-----
Fighting       | 4 5 |  5.3
Armour         | 4 5 |  5.2
Shields        | 4 5 |  5.2
Maces & Flails | 3 4 |  4.1

Action                     |  1- 3 |  4- 6 |  7- 9 || total
---------------------------+-------+-------+-------++-------
  Melee: Flail             |   109 |   238 |    53 ||   400
    Use: Scroll            |       |     7 |       ||     7
 Armour: Scale mail        |   108 |    78 |       ||   186
         Chain mail        |       |    39 |   174 ||   213
  Dodge: Dodged            |    78 |    79 |    67 ||   224
  Block: Buckler           |    38 |    38 |       ||    76
         Tower shield      |       |   107 |   129 ||   236

Table legend: (Time is in decaauts)
 A = Elapsed time spent in this place.
 B = Non-inter-level travel time spent in this place.
 C = Inter-level travel time spent in this place.
 D = Time resting spent in this place.
 E = Time spent auto-exploring this place.
 F = Levels seen in this place.
 G = Mean time per level.
                   A        B        C        D        E       F      G
               +--------+--------+--------+--------+--------+-----+--------+
         Total |   4195 |   4080 |    115 |    712 |   2354 |   5 |  839.0 |
       Dungeon |   4195 |   4080 |    115 |    712 |   2354 |   5 |  839.0 |
               +--------+--------+--------+--------+--------+-----+--------+

Top non-repeatable levels by time:
     D:2: 1687 daAuts
     D:4: 1049 daAuts
     D:3: 692 daAuts
     D:1: 650 daAuts
     D:5: 115 daAuts
